| TOP OF THE 1ST |
|
South Bend Cubs batting - Pitching for Augusta GreenJackets : RHP Rick Madden
|
|
Pitching: RHP Rick Madden
|
|
|
Batting: SHB Gabriel Cruz
|
0-0: Called Strike 0-1: Swinging Strike 0-2: Foul Ball, location: 2F 0-2: Foul Ball, location: 2F 0-2: Ball 1-2: Foul Ball, location: 2F 1-2: Ball 2-2: Strikes out looking
|
|
Batting: RHB Armando Vilano
|
0-0: Called Strike 0-1: Foul Ball, location: 2F 0-2: Ball 1-2: Strikes out looking
|
|
Batting: RHB Jose Balderrama
|
0-0: Ball 1-0: Foul Ball, location: 2F 1-1: Foul Ball, location: 2F 1-2: Ball 2-2: Ball 3-2: Strikes out swinging
|
| Top of the 1st over - 0 runs, 0 hits, 0 errors, 0 left on base; South Bend 0 - Augusta 0 |
| BOTTOM OF THE 1ST |
|
Augusta GreenJackets batting - Pitching for South Bend Cubs : LHP Jose Urena
|
|
Pitching: LHP Jose Urena
|
|
|
Batting: RHB Nick Wicker
|
0-0: Ball 1-0: Called Strike 1-1: Fly out, F9 (Flyball, 9, EV 92.5 MPH)
|
|
Batting: LHB Gil Caraveo
|
0-0: Ball 1-0: Reached on error, E4 (Groundball, 4, EV 103.1 MPH)
|
|
Batting: RHB Matt Fenimore
|
0-0: Ball 1-0: Ball 2-0: Ball Gil Caraveo steals 2nd base (no throw) 3-0: Base on Balls
|
|
Batting: LHB Jared Paige
|
0-0: Called Strike 0-1: Ball 1-1: Foul Ball, location: 2F 1-2: Ball 2-2: Ball 3-2: Grounds into double play, 4-6-3 (Groundball, 4, EV 83.8 MPH)
|
| Bottom of the 1st over - 0 runs, 0 hits, 1 error, 1 left on base; South Bend 0 - Augusta 0 |
| TOP OF THE 2ND |
|
South Bend Cubs batting - Pitching for Augusta GreenJackets : RHP Rick Madden
|
|
Batting: LHB Angel Oropeza
|
0-0: SINGLE (Line Drive, 4MD, EV 105.0 MPH)
|
|
Batting: RHB Brad Santanello
|
0-0: Ball Angel Oropeza is caught stealing 2nd base 2-4 1-0: Foul Ball, location: 2F 1-1: Called Strike 1-2: Ball 2-2: Ground out 5-3 (Groundball, 56S, EV 88.1 MPH)
|
|
Batting: RHB Ricardo Aguinaga
|
0-0: Called Strike 0-1: Called Strike 0-2: Ball 1-2: Strikes out swinging
|
| Top of the 2nd over - 0 runs, 1 hit, 0 errors, 0 left on base; South Bend 0 - Augusta 0 |
| BOTTOM OF THE 2ND |
|
Augusta GreenJackets batting - Pitching for South Bend Cubs : LHP Jose Urena
|
|
Batting: RHB Jonathan Reece
|
0-0: Fly out, F6 (Popup, 15S, EV 92.5 MPH)
|
|
Batting: RHB Omar Jordan
|
0-0: Ground out 6-3 (Groundball, 6, EV 76.9 MPH)
|
|
Batting: LHB Fred Arends
|
0-0: Ground out 4-3 (Groundball, 4M, EV 107.5 MPH)
|
| Bottom of the 2nd over - 0 runs, 0 hits, 0 errors, 0 left on base; South Bend 0 - Augusta 0 |
| TOP OF THE 3RD |
|
South Bend Cubs batting - Pitching for Augusta GreenJackets : RHP Rick Madden
|
|
Batting: LHB Wing-tat Tai
|
0-0: Called Strike 0-1: Called Strike 0-2: SINGLE (Groundball, 34D, EV 103.1 MPH)
|
|
Batting: RHB Denis Rachin
|
0-0: Ball 1-0: Called Strike 1-1: Foul Ball, location: 2F Balk! Wing-tat Tai to second 1-2: Foul Ball, location: 2F 1-2: Strikes out swinging
|
|
Batting: SHB Benoît Morin
|
0-0: Ball 1-0: Swinging Strike 1-1: SINGLE (Groundball, 34D, EV 94.4 MPH) Wing-tat Tai to third Runner from 3rd tries for Home, SAFE, throw by RF to home
|
|
Batting: SHB Gabriel Cruz
|
0-0: Called Strike Benoît Morin steals 2nd, throwing error, E2 Benoît Morin to third 0-1: Foul Ball, location: 2F 0-2: Ball Wild Pitch! Benoît Morin scores 1-2: Ball 2-2: Fly out, F7 (Flyball, 7, EV 90.0 MPH)
|
|
Batting: RHB Armando Vilano
|
0-0: Ball 1-0: Called Strike 1-1: Ball 2-1: Swinging Strike 2-2: Foul Ball, location: 2F 2-2: Ball 3-2: Strikes out swinging
|
| Top of the 3rd over - 2 runs, 2 hits, 1 error, 0 left on base; South Bend 2 - Augusta 0 |
| BOTTOM OF THE 3RD |
|
Augusta GreenJackets batting - Pitching for South Bend Cubs : LHP Jose Urena
|
|
Batting: RHB Ian Richardson
|
0-0: Ball 1-0: Ball 2-0: Swinging Strike 2-1: Foul Ball, location: 2F 2-2: Ball 3-2: Strikes out looking
|
|
Batting: RHB Gabe Ochoa
|
0-0: Ball 1-0: Ball 2-0: Called Strike 2-1: Swinging Strike 2-2: Strikes out looking
|
|
Batting: RHB Nick Wicker
|
0-0: Ball 1-0: Foul Ball, location: 2F 1-1: SINGLE (Line Drive, 7S, EV 93.8 MPH)
|
|
Batting: LHB Gil Caraveo
|
0-0: Called Strike 0-1: Ball 1-1: Foul Ball, location: 2F 1-2: Foul Ball, location: 2F 1-2: Ball 2-2: Foul Ball, location: 2F 2-2: Ground out 4-3 (Groundball, 4M, EV 109.4 MPH)
|
| Bottom of the 3rd over - 0 runs, 1 hit, 0 errors, 1 left on base; South Bend 2 - Augusta 0 |
| TOP OF THE 4TH |
|
South Bend Cubs batting - Pitching for Augusta GreenJackets : RHP Rick Madden
|
|
Batting: RHB Jose Balderrama
|
0-0: SINGLE (Groundball, 6D, EV 107.5 MPH)
|
|
Batting: LHB Angel Oropeza
|
0-0: Called Strike 0-1: Foul Ball, location: 2F 0-2: Ball 1-2: TRIPLE (Flyball, 8RXD, EV 98.1 MPH) Jose Balderrama scores
|
|
Batting: RHB Brad Santanello
|
0-0: Called Strike 0-1: Ball 1-1: Fly out, F5 (Popup, 56, EV 61.9 MPH)
|
|
Batting: RHB Ricardo Aguinaga
|
0-0: Foul Ball, location: 2F 0-1: Ball 1-1: Ball 2-1: Fly out, F8 (Flyball, 78S, EV 88.1 MPH)
|
|
Batting: LHB Wing-tat Tai
|
0-0: Called Strike 0-1: Reached on error, E4 (Groundball, 4, EV 90.6 MPH) Angel Oropeza scores
|
|
Batting: RHB Denis Rachin
|
0-0: Called Strike Wing-tat Tai is caught stealing 2nd base 2-4
|
| Top of the 4th over - 2 runs, 2 hits, 1 error, 0 left on base; South Bend 4 - Augusta 0 |
| BOTTOM OF THE 4TH |
|
Augusta GreenJackets batting - Pitching for South Bend Cubs : LHP Jose Urena
|
|
Batting: RHB Matt Fenimore
|
0-0: Called Strike 0-1: Called Strike 0-2: SOLO HOME RUN (Flyball, 78XD, EV 105.0 MPH), Distance : 404 ft
|
|
Batting: LHB Jared Paige
|
0-0: Ball 1-0: Foul Ball, location: 2F 1-1: Foul Ball, location: 2F 1-2: Strikes out swinging
|
|
Batting: RHB Jonathan Reece
|
0-0: Called Strike 0-1: Reached on error, E4 (Groundball, 4, EV 79.4 MPH)
|
|
Batting: RHB Omar Jordan
|
0-0: Called Strike 0-1: Ball 1-1: Ball 2-1: Foul Ball, location: 2F 2-2: Strikes out looking
|
|
Batting: LHB Fred Arends
|
0-0: Foul Ball, location: 2F 0-1: Ball 1-1: Called Strike 1-2: Foul Ball, location: 2F 1-2: Ball 2-2: Foul Ball, location: 2F 2-2: Foul Ball, location: 2F 2-2: DOUBLE (Line Drive, 3D, EV 100.0 MPH) Jonathan Reece to third Runner from 3rd tries for Home, throw by RF and OUT! 9-4-2
|
| Bottom of the 4th over - 1 run, 2 hits, 1 error, 1 left on base; South Bend 4 - Augusta 1 |
| TOP OF THE 5TH |
|
South Bend Cubs batting - Pitching for Augusta GreenJackets : RHP Rick Madden
|
|
Batting: RHB Denis Rachin
|
0-0: Foul Ball, location: 2F 0-1: Swinging Strike 0-2: Ball 1-2: Foul Ball, location: 2F 1-2: Ball 2-2: Foul Ball, location: 2F 2-2: Foul Ball, location: 2F 2-2: Ball 3-2: Base on Balls
|
|
Batting: SHB Benoît Morin
|
0-0: Called Strike 0-1: Called Strike 0-2: Ball 1-2: Strikes out swinging
|
|
Batting: SHB Gabriel Cruz
|
0-0: Ball 1-0: Ball 2-0: Foul Ball, location: 2F 2-1: Foul Ball, location: 2F 2-2: Foul Ball, location: 2F 2-2: Fly out, F9 (Flyball, 9D, EV 102.5 MPH)
|
|
Batting: RHB Armando Vilano
|
0-0: Called Strike 0-1: Fly out, F4 (Popup, 4D, EV 42.5 MPH)
|
| Top of the 5th over - 0 runs, 0 hits, 0 errors, 1 left on base; South Bend 4 - Augusta 1 |
| BOTTOM OF THE 5TH |
|
Augusta GreenJackets batting - Pitching for South Bend Cubs : LHP Jose Urena
|
|
Batting: RHB Ian Richardson
|
0-0: Called Strike 0-1: Ball 1-1: Called Strike 1-2: Strikes out swinging
|
|
Batting: RHB Gabe Ochoa
|
0-0: Ball 1-0: Ground out 3-1 (Groundball, 34, EV 90.0 MPH)
|
|
Batting: RHB Nick Wicker
|
0-0: Ball 1-0: Called Strike 1-1: Called Strike 1-2: DOUBLE (Line Drive, 78D, EV 100.0 MPH)
|
|
Batting: LHB Gil Caraveo
|
0-0: Foul Ball, location: 2F 0-1: Swinging Strike 0-2: Foul Ball, location: 2F 0-2: Strikes out looking
|
| Bottom of the 5th over - 0 runs, 1 hit, 0 errors, 1 left on base; South Bend 4 - Augusta 1 |
| TOP OF THE 6TH |
|
South Bend Cubs batting - Pitching for Augusta GreenJackets : RHP Rick Madden
|
|
Batting: RHB Jose Balderrama
|
0-0: Ball 1-0: Hit by Pitch
|
|
Batting: LHB Angel Oropeza
|
0-0: Grounds into double play, 4-6-3 (Groundball, 4, EV 85.0 MPH)
|
|
Batting: RHB Brad Santanello
|
0-0: Called Strike 0-1: Foul Ball, location: 2F 0-2: SINGLE (Groundball, 6MD, EV 101.2 MPH)
|
|
Batting: RHB Ricardo Aguinaga
|
0-0: Foul Ball, location: 2F 0-1: Called Strike 0-2: Ball 1-2: Foul Ball, location: 2F 1-2: Ground out 5-3 (Groundball, 56S, EV 85.6 MPH)
|
| Top of the 6th over - 0 runs, 1 hit, 0 errors, 1 left on base; South Bend 4 - Augusta 1 |
| BOTTOM OF THE 6TH |
|
Augusta GreenJackets batting - Pitching for South Bend Cubs : LHP Jose Urena
|
|
Batting: RHB Matt Fenimore
|
0-0: Ball 1-0: Foul Ball, location: 2F 1-1: Called Strike 1-2: Foul Ball, location: 2F 1-2: Ball 2-2: Ground out 4-3 (Groundball, 6M, EV 94.4 MPH)
|
|
Batting: LHB Jared Paige
|
0-0: Ball 1-0: SOLO HOME RUN (Flyball, 7LD, EV 95.0 MPH), Distance : 354 ft
|
|
Batting: RHB Jonathan Reece
|
0-0: Called Strike 0-1: Foul Ball, location: 2F 0-2: Strikes out swinging
|
|
Batting: RHB Omar Jordan
|
0-0: Ball 1-0: Ball 2-0: Ball 3-0: Called Strike 3-1: Base on Balls
|
|
Batting: LHB Fred Arends
|
0-0: Ground out 1-3 (Groundball, 13S, EV 71.2 MPH)
|
| Bottom of the 6th over - 1 run, 1 hit, 0 errors, 1 left on base; South Bend 4 - Augusta 2 |
| TOP OF THE 7TH |
|
South Bend Cubs batting - Pitching for Augusta GreenJackets : RHP Rick Madden
|
|
Pitching: RHP Evan Boy
|
|
|
Batting: LHB Wing-tat Tai
|
0-0: Called Strike 0-1: Ball 1-1: Ball 2-1: Foul Ball, location: 2F 2-2: Foul Ball, location: 2F 2-2: Foul Ball, location: 2F 2-2: Ball 3-2: Strikes out swinging
|
|
Batting: RHB Denis Rachin
|
0-0: Ball 1-0: SINGLE (Flyball, 8RS, EV 96.2 MPH)
|
|
Batting: SHB Benoît Morin
|
0-0: Fielders Choice at 2nd, 5-4 (Groundball, 5S, EV 82.5 MPH)
|
|
Batting: SHB Gabriel Cruz
|
0-0: Fielders Choice at 2nd, 6-4 (Groundball, 6, EV 85.6 MPH)
|
| Top of the 7th over - 0 runs, 1 hit, 0 errors, 1 left on base; South Bend 4 - Augusta 2 |
| BOTTOM OF THE 7TH |
|
Augusta GreenJackets batting - Pitching for South Bend Cubs : LHP Jose Urena
|
|
Batting: RHB Ian Richardson
|
0-0: Ball 1-0: TRIPLE (Flyball, 89XD, EV 101.9 MPH)
|
|
Batting: RHB Gabe Ochoa
|
0-0: Swinging Strike 0-1: Ball 1-1: Swinging Strike 1-2: Ball 2-2: Ball 3-2: Base on Balls
|
|
Pitching: RHP Jose Marrero
|
|
|
Batting: RHB Nick Wicker
|
0-0: Ball 1-0: Ball 2-0: Called Strike 2-1: Swinging Strike 2-2: Ball 3-2: Base on Balls Gabe Ochoa to second
|
|
Batting: LHB Gil Caraveo
|
0-0: Called Strike 0-1: Swinging Strike 0-2: Grounds into fielders choice 3-2 (Groundball, 34S, EV 83.8 MPH) Gabe Ochoa to third Nick Wicker to second
|
|
Batting: RHB Matt Fenimore
|
0-0: Ball 1-0: Ball 2-0: Called Strike 2-1: Ball 3-1: Fly out, F7 (Flyball, 7LSF, EV 75.0 MPH)
|
|
Batting: LHB Jared Paige
|
0-0: Called Strike 0-1: Ball 1-1: Foul Ball, location: 2F 1-2: SINGLE (Line Drive, 8LS, EV 105.0 MPH) Gabe Ochoa scores Nick Wicker to third Gil Caraveo to second Runner from 3rd tries for Home, throw by CF and OUT! 8-2
|
| Bottom of the 7th over - 1 run, 2 hits, 0 errors, 2 left on base; South Bend 4 - Augusta 3 |
| TOP OF THE 8TH |
|
South Bend Cubs batting - Pitching for Augusta GreenJackets : RHP Evan Boy
|
|
Pitching: RHP Nate Heideman
|
|
|
Batting: RHB Armando Vilano
|
0-0: Ball 1-0: Ground out 5-3 (Groundball, 56, EV 106.2 MPH)
|
|
Batting: RHB Jose Balderrama
|
0-0: Ball 1-0: Ball 2-0: Foul Ball, location: 2F 2-1: Foul Ball, location: 2F 2-2: Foul Ball, location: 2F 2-2: Strikes out swinging
|
|
Batting: LHB Angel Oropeza
|
0-0: Ball 1-0: Foul Ball, location: 2F 1-1: Called Strike 1-2: Strikes out looking
|
| Top of the 8th over - 0 runs, 0 hits, 0 errors, 0 left on base; South Bend 4 - Augusta 3 |
| BOTTOM OF THE 8TH |
|
Augusta GreenJackets batting - Pitching for South Bend Cubs : RHP Jose Marrero
|
|
Pitching: RHP Jake Newman
|
|
|
Batting: RHB Jonathan Reece
|
0-0: Ball 1-0: Ball 2-0: Swinging Strike 2-1: Foul Ball, location: 2F 2-2: Ball 3-2: Foul Ball, location: 2F 3-2: Strikes out swinging
|
|
Batting: RHB Omar Jordan
|
0-0: Called Strike 0-1: Foul Ball, location: 2F 0-2: Ground out 5-3 (Groundball, 5L, EV 105.6 MPH)
|
|
Batting: LHB Fred Arends
|
0-0: Ball 1-0: SINGLE (Groundball, 6MD, EV 107.5 MPH)
|
|
Batting: RHB Ian Richardson
|
0-0: Called Strike 0-1: Ball Wild Pitch! Fred Arends to second 1-1: 2-RUN HOME RUN (Flyball, 89XD, EV 100.0 MPH), Distance : 405 ft
|
|
Batting: RHB Gabe Ochoa
|
0-0: DOUBLE (Flyball, 78D, EV 99.4 MPH)
|
|
Batting: RHB Nick Wicker
|
0-0: Ball 1-0: Called Strike 1-1: Foul Ball, location: 2F 1-2: Ball 2-2: Ball 3-2: Base on Balls
|
|
Pitching: LHP Virgílio Beyfus
|
|
|
Batting: LHB Gil Caraveo
|
0-0: Called Strike 0-1: Foul Ball, location: 2F 0-2: Fielders Choice at 2nd, 5-4 (Groundball, 5L, EV 82.5 MPH)
|
| Bottom of the 8th over - 2 runs, 3 hits, 0 errors, 2 left on base; South Bend 4 - Augusta 5 |
| TOP OF THE 9TH |
|
South Bend Cubs batting - Pitching for Augusta GreenJackets : RHP Nate Heideman
|
|
Pitching: RHP Damian Molina
|
|
|
Now in LF: Josh Straub
|
|
|
Batting: RHB Brad Santanello
|
0-0: SINGLE (Groundball, 4D, EV 95.6 MPH)
|
|
Batting: LHB Kwang-chih Men
|
0-0: Called Strike 0-1: Grounds out, U3 (Groundball, 3L, EV 106.9 MPH)
|
|
Batting: LHB Wing-tat Tai
|
0-0: Ground out 4-3 (Groundball, 4S, EV 91.9 MPH) Brad Santanello to third
|
|
Pinch Hitting: LHB Emir Jalil
|
0-0: Ball 1-0: Ball 2-0: Called Strike 2-1: Foul Ball, location: 2F 2-2: Ground out U3 (Groundball, 34, EV 86.2 MPH)
|
| Top of the 9th over - 0 runs, 1 hit, 0 errors, 1 left on base; South Bend 4 - Augusta 5 |
|